[Event "Titled Tuesday Blitz November 08 Early 2022"]
[White "Bodnaruk, Anastasia"]
[Black "Zemlyanskii, Ivan"]
[WhiteFideId "4181751"]
[BlackFideId "24249971"]
[WhiteElo "2319"]
[BlackElo "2107"]
[Result "0-1"]
[Round "02"]
[TimeControl "180+1"]
[Date "2022.11.09"]
[WhiteClock "0:00:02"]
[BlackClock "0:00:07"]

1. e4 c5 2. Nc3 a6 3. Nge2 b5 4. g3 Bb7 5. Bg2 e6 6. d4 cxd4 7. Nxd4 Nf6 8. O-O d6 9. Re1 Nbd7 10. a4 b4 11. Nd5 e5 12. Nf5 Nxd5 13. exd5 g6 14. Nh6 Bg7 15. a5 Qc7 16. h4 Rc8 17. Re2 f5 18. Bg5 Nf6 19. Qd2 Qc5 20. Bxf6 Bxf6 21. Ra4 e4 22. Rxb4 Qxd5 23. Rxb7 Qxb7 24. Qxd6 Qe7 25. Qxa6 Rd8 26. Qc4 Kf8 27. g4 Kg7 28. g5 Be5 29. Re1 Rd2 30. a6 Bd4 31. Re2 Rxe2 32. Qxe2 e3 33. f4 Rc8 34. c3 Ba7 35. h5 Rd8 36. Kh2 Rd2 37. Qc4 Rd8 38. hxg6 e2 39. Nxf5+ Kh8 40. Nxe7 e1=Q 41. g7+ Kxg7 42. Nf5+ Kg6 43. Qc6+ Kxf5 44. Qf6+ Kg4 45. Bh3+ Kf3 46. Bg2+ Ke2 47. Qe7+ Kf2 48. Qxd8 Qg1+ 49. Kh3 Qxg2+ 50. Kh4 Qg3+ 51. Kh5 Qh3# 0-1


[Site "https://www.chess.com"]

[Event "Titled Tuesday Blitz November 08 Early 2022"]
[White "Bon, Michael"]
[Black "Aaditya Dhingra"]
[WhiteFideId "620696"]
[BlackFideId "25678191"]
[WhiteElo "2286"]
[BlackElo "2054"]
[Result "1-0"]
[Round "02"]
[TimeControl "180+1"]
[Date "2022.11.09"]
[WhiteClock "0:00:53"]
[BlackClock "0:00:13"]

1. e4 c6 2. d4 d5 3. e5 Bf5 4. c4 e6 5. Nc3 Ne7 6. h3 h6 7. Nf3 Nd7 8. b3 dxc4 9. bxc4 Nc8 10. Bd3 Bb4 11. Bb2 Qa5 12. Rc1 Qxa2 13. Rc2 Bxd3 14. Qxd3 Ncb6 15. Nd2 Qa6 16. O-O Rd8 17. Ra1 Nxe5 18. Qg3 Qxa1+ 19. Bxa1 Nexc4 20. Nxc4 Nxc4 21. Qxg7 Ke7 22. Ne4 Nd6 23. Qf6+ Kd7 24. Nxd6 Kxd6 25. Qxf7 Rd7 26. Qf4+ Ke7 27. d5 Bd6 28. Qf6+ 1-0


[Site "https://www.chess.com"]

[Event "Titled Tuesday Blitz November 08 Early 2022"]
[White "Broca Jimenez, Fernando"]
[Black "Do Nascimento,Christian Almeida"]
[WhiteFideId "5104742"]
[BlackFideId "2143801"]
[WhiteElo "2062"]
[BlackElo "2079"]
[Result "0-1"]
[Round "02"]
[TimeControl "180+1"]
[Date "2022.11.09"]
[WhiteClock "0:00:28"]
[BlackClock "0:00:51"]

1. e4 c5 2. c3 Nf6 3. e5 Nd5 4. Nf3 g6 5. d4 cxd4 6. Bc4 Nb6 7. Bb3 Bg7 8. cxd4 O-O 9. O-O d6 10. Nc3 Bg4 11. exd6 Qxd6 12. Be3 Nc6 13. h3 Bxf3 14. Qxf3 Nxd4 15. Bxd4 Bxd4 16. Rad1 e5 17. Qxb7 Qd7 18. Qf3 Rad8 19. Ne4 Qe7 20. Rd2 Kg7 21. Rfd1 f5 22. Nc3 Qg5 23. Qe2 Rd7 24. Nb5 Rfd8 25. Nxd4 exd4 26. Rxd4 Rxd4 27. Rxd4 Rxd4 28. Qe5+ Qf6 29. Qc7+ Rd7 30. Qc1 Qd4 0-1


[Site "https://www.chess.com"]

[Event "Titled Tuesday Blitz November 08 Early 2022"]
[White "Brown, Andrew"]
[Black "Miszler, Levente"]
[WhiteFideId "3206513"]
[BlackFideId "763276"]
[WhiteElo "2245"]
[BlackElo "2176"]
[Result "0-1"]
[Round "02"]
[TimeControl "180+1"]
[Date "2022.11.09"]
[WhiteClock "0:00:03"]
[BlackClock "0:00:38"]

1. d4 d5 2. c4 c6 3. Nc3 Nf6 4. Nf3 e6 5. g3 Nbd7 6. Bg2 dxc4 7. O-O b5 8. a4 b4 9. Na2 a5 10. Bf4 Ba6 11. Rc1 Rc8 12. e4 Be7 13. Re1 O-O 14. h3 c5 15. d5 exd5 16. exd5 Re8 17. Nd2 Nb6 18. d6 Bxd6 19. Rxe8+ Nxe8 20. Qg4 Bxf4 21. Qxf4 Qd4 22. Ne4 Nd5 23. Qg4 Nef6 24. Qf5 g6 25. Nxf6+ Nxf6 26. Qg5 Re8 27. g4 Re2 28. Rf1 Ne4 29. Bxe4 Qxe4 30. Nc1 Rxb2 31. Qxc5 c3 32. f3 Qc2 0-1


[Site "https://www.chess.com"]

[Event "Titled Tuesday Blitz November 08 Early 2022"]
[White "Butolo, Alexandru-Mircea"]
[Black "Sarkar, Justin"]
[WhiteFideId "1261649"]
[BlackFideId "2010011"]
[WhiteElo "1897"]
[BlackElo "2239"]
[Result "0-1"]
[Round "02"]
[TimeControl "180+1"]
[Date "2022.11.09"]
[WhiteClock "0:00:01"]
[BlackClock "0:00:29"]

1. d4 Nf6 2. Bf4 Nc6 3. d5 e5 4. Bg3 Nb4 5. Nc3 d6 6. e4 Be7 7. a3 Na6 8. Bxa6 bxa6 9. Nge2 Nh5 10. f3 Nxg3 11. hxg3 f5 12. Qd3 O-O 13. O-O-O Rb8 14. Rh5 g6 15. Rh2 Rf7 16. Rdh1 Rb6 17. Qe3 Bd7 18. exf5 gxf5 19. g4 Bg5 20. f4 exf4 21. Qd2 f3 0-1


[Site "https://www.chess.com"]

[Event "Titled Tuesday Blitz November 08 Early 2022"]
[White "Cabezas Solano, David Alejandro"]
[Black "Barbashin, Igor"]
[WhiteFideId "6507522"]
[BlackFideId "4155718"]
[WhiteElo "2035"]
[BlackElo "2138"]
[Result "1-0"]
[Round "02"]
[TimeControl "180+1"]
[Date "2022.11.09"]
[WhiteClock "0:00:06"]
[BlackClock "0:00:33"]

1. e4 d5 2. exd5 Nf6 3. Bb5+ Nbd7 4. Nc3 g6 5. Nf3 Bg7 6. O-O O-O 7. d4 Nb6 8. h3 a6 9. Bd3 Nbxd5 10. Nxd5 Nxd5 11. c4 Nf6 12. Bf4 b6 13. Re1 Bb7 14. Be5 e6 15. Qe2 Nh5 16. Bxg7 Kxg7 17. Rad1 Nf4 18. Qe5+ Qf6 19. Be4 Bxe4 20. Rxe4 Qxe5 21. dxe5 Nh5 22. g4 f5 23. exf6+ Rxf6 24. Rd7+ Kg8 25. Ng5 Nf4 26. Nxh7 Nxh3+ 27. Kg2 Nf4+ 28. Kg3 Rf7 29. Rxf7 Kxf7 30. Rxf4+ Kg7 31. Ng5 Re8 32. Rf7+ Kg8 33. Rxc7 Rd8 34. Ne4 Rd3+ 35. Kf4 Kf8 36. Ke5 Ke8 37. Kxe6 Kd8 38. Rg7 Kc8 39. f4 Kb8 40. f5 Rd4 41. Ke5 Rxc4 42. f6 Rc6 43. f7 Rc8 44. Rg8 Kc7 45. Rxc8+ Kxc8 46. f8=Q+ Kd7 47. Qd6+ Kc8 48. Qe7 b5 49. Nd6+ Kb8 50. Qb7# 1-0


[Site "https://www.chess.com"]

[Event "Titled Tuesday Blitz November 08 Early 2022"]
[White "Chigaev, Maksim"]
[Black "Perez Gormaz, Matias"]
[WhiteFideId "4108116"]
[BlackFideId "3406342"]
[WhiteElo "2541"]
[BlackElo "2341"]
[Result "1-0"]
[Round "02"]
[TimeControl "180+1"]
[Date "2022.11.08"]
[WhiteClock "0:00:04"]
[BlackClock "0:00:04"]

1. Nf3 c5 2. c4 Nf6 3. Nc3 g6 4. d4 Bg7 5. e4 cxd4 6. Nxd4 O-O 7. Be2 Nc6 8. Be3 d6 9. O-O Bd7 10. h3 a5 11. Nf3 a4 12. Qb1 Qa5 13. Rc1 Rfc8 14. a3 Be6 15. Nd5 Nd7 16. Rd1 Bxd5 17. Rxd5 Qc7 18. Qc2 Na5 19. Rc1 Nb3 20. Rcd1 Nb6 21. Bxb6 Qxb6 22. e5 dxe5 23. Nxe5 e6 24. Nd7 Qc7 25. Rd6 Rd8 26. c5 Rac8 27. Bb5 Nxc5 28. Qxc5 Rxd7 29. Qxc7 Rdxc7 30. Rd8+ Rxd8 31. Rxd8+ Bf8 32. Bxa4 Kg7 33. Rd1 Rc5 34. Kf1 Be7 35. Rd7 Bf6 36. Rxb7 Bd4 37. Be8 Rf5 38. f3 h5 39. Ke2 h4 40. b4 Be5 41. a4 Bd4 42. a5 Re5+ 43. Kd3 Bf2 44. Kc4 Re1 45. Bxf7 Kh6 46. a6 Rc1+ 47. Kb5 e5 48. Bd5 Rb1 49. Be4 Be1 50. Bxb1 1-0


[Site "https://www.chess.com"]

[Event "Titled Tuesday Blitz November 08 Early 2022"]
[White "Ciuffoletti, Paolo"]
[Black "Lehtosaari, Mauri"]
[WhiteFideId "807630"]
[BlackFideId "501999"]
[WhiteElo "2143"]
[BlackElo "2505"]
[Result "0-1"]
[Round "02"]
[TimeControl "180+1"]
[Date "2022.11.09"]
[WhiteClock "0:00:17"]
[BlackClock "0:00:13"]

1. e4 c5 2. d4 cxd4 3. c3 d3 4. Bxd3 Nc6 5. c4 d6 6. Nc3 Nf6 7. Nf3 g6 8. O-O Bg7 9. h3 O-O 10. Be3 Bd7 11. Qd2 Rc8 12. b3 Ne5 13. Be2 Nxf3+ 14. Bxf3 Bc6 15. Rac1 Re8 16. Nd5 b6 17. Bg5 Nd7 18. Rfd1 Ne5 19. Be2 Bb7 20. Be3 Nd7 21. Bd4 Nf8 22. Bxg7 Kxg7 23. h4 e5 24. h5 Ne6 25. h6+ Kg8 26. Bg4 Rc5 27. Nc3 Nd4 28. f3 Qh4 29. Ne2 Nxe2+ 30. Qxe2 Qxh6 31. Rc2 Rd8 32. Rcd2 Rc6 33. Rd3 Qf8 34. R1d2 Qe7 35. Qd1 Kg7 36. Kf2 h6 37. a4 Bc8 38. Rd5 Bxg4 39. fxg4 Qg5 40. Rxd6 Rcxd6 41. Rxd6 Qf4+ 42. Kg1 Rxd6 43. Qxd6 Qe3+ 44. Kf1 Qxe4 45. Qe7 Qf4+ 46. Kg1 a5 47. Qc7 Qd4+ 48. Kf1 e4 49. Qe7 e3 50. Ke2 Qd2+ 51. Kf3 Qf2+ 52. Ke4 e2 53. Qe5+ Kh7 54. Kd3 e1=Q 55. Qxe1 Qxe1 0-1


[Site "https://www.chess.com"]

[Event "Titled Tuesday Blitz November 08 Early 2022"]
[White "Concio, Michael Jr."]
[Black "Winkels, Marcel"]
[WhiteFideId "5217873"]
[BlackFideId "1003887"]
[WhiteElo "2236"]
[BlackElo "1900"]
[Result "1-0"]
[Round "02"]
[TimeControl "180+1"]
[Date "2022.11.09"]
[WhiteClock "0:00:06"]
[BlackClock "0:00:01"]

1. e4 c5 2. Nf3 e6 3. d4 cxd4 4. Nxd4 Nc6 5. Be3 Nf6 6. Nd2 d5 7. exd5 Nxd5 8. Nxc6 bxc6 9. Bd4 c5 10. Be5 Qg5 11. Nf3 Qg6 12. Bb5+ Bd7 13. Bxd7+ Kxd7 14. c4 Qe4+ 15. Qe2 Qxe2+ 16. Kxe2 Nf6 17. Rhd1+ Kc6 18. Ng5 Be7 19. h3 Rhf8 20. Bxf6 gxf6 21. Nf3 Rad8 22. Rxd8 Rxd8 23. b3 Rg8 24. g4 h5 25. Rg1 hxg4 26. Rxg4 Rh8 27. h4 f5 28. Rg7 Bxh4 29. Rxf7 a5 30. Ne5+ Kd6 31. Nd3 Be7 32. Nxc5 Kxc5 33. Rxe7 Rh6 34. Ra7 Kb6 35. Rd7 Kc6 36. Rd8 Kc7 37. Ra8 Kb6 38. Rg8 Kc6 39. Rb8 Kc5 40. Rb5+ Kc6 41. Rxa5 Rh1 42. Ra6+ Kd7 43. c5 Rc1 44. b4 1-0


[Site "https://www.chess.com"]

[Event "Titled Tuesday Blitz November 08 Early 2022"]
[White "Cramling Bellon, Anna"]
[Black "Ahn, Hongjin"]
[WhiteFideId "32009232"]
[BlackFideId "13201492"]
[WhiteElo "1972"]
[BlackElo "2182"]
[Result "0-1"]
[Round "02"]
[TimeControl "180+1"]
[Date "2022.11.09"]
[WhiteClock "0:00:02"]
[BlackClock "0:01:22"]

1. d4 Nf6 2. c4 e6 3. Nf3 d5 4. Nc3 a6 5. cxd5 exd5 6. Bg5 Be6 7. e3 Nbd7 8. Bd3 Bd6 9. Qc2 h6 10. Bh4 c6 11. O-O O-O 12. Rfe1 Re8 13. e4 dxe4 14. Nxe4 Be7 15. Nc5 Nxc5 16. dxc5 Nd5 17. Bxe7 Qxe7 18. Bf5 Bxf5 19. Qxf5 Qxc5 20. Rac1 Qd6 21. Ne5 Qe6 22. Qxe6 Rxe6 23. Nd7 Nf4 24. Rxe6 Nxe6 25. Kf1 Rd8 26. Rd1 f6 27. Ke1 Kf7 28. f4 Ke7 29. Nb6 Rxd1+ 30. Kxd1 Nxf4 31. g3 Nd5 32. Nc4 b5 33. Nd2 f5 34. Ke2 Kd6 35. Nf3 g6 36. a3 c5 37. Kd3 g5 38. h3 Nf6 0-1


[Site "https://www.chess.com"]

[Event "Titled Tuesday Blitz November 08 Early 2022"]
[White "Crevatin, Leo"]
[Black "Liyanage, Ranindu Dilshan"]
[WhiteFideId "1726307"]
[BlackFideId "9915834"]
[WhiteElo "2208"]
[BlackElo "2210"]
[Result "0-1"]
[Round "02"]
[TimeControl "180+1"]
[Date "2022.11.09"]
[WhiteClock "0:02:52"]
[BlackClock "0:02:50"]

1. e4 e6 2. d4 d5 3. Nc3 Nf6 4. Bg5 dxe4 5. Nxe4 Be7 6. Bxf6 gxf6 7. Nf3 f5 8. Nc3 a6 9. g3 b5 10. Bg2 Bb7 11. Qd2 Nd7 12. O-O-O Bxf3 13. Bxf3 Bg5 0-1


[Site "https://www.chess.com"]

[Event "Titled Tuesday Blitz November 08 Early 2022"]
[White "Cruz Mendez, Jean Marco"]
[Black "Madaminov, Mukhiddin"]
[WhiteFideId "3526402"]
[BlackFideId "14210703"]
[WhiteElo "2064"]
[BlackElo "2341"]
[Result "1-0"]
[Round "02"]
[TimeControl "180+1"]
[Date "2022.11.09"]
[WhiteClock "0:00:21"]
[BlackClock "0:00:04"]

1. e4 e6 2. d4 d5 3. Nc3 Nf6 4. e5 Nfd7 5. f4 c5 6. Nf3 Nc6 7. Ne2 Be7 8. c3 O-O 9. g3 b5 10. Be3 b4 11. cxb4 cxd4 12. Nexd4 Nxd4 13. Nxd4 Bxb4+ 14. Kf2 Bb7 15. Bd3 Nc5 16. a3 Nxd3+ 17. Qxd3 Bc5 18. Rhc1 Bb6 19. b4 Qd7 20. a4 a6 21. a5 Bxd4 22. Bxd4 Bc6 23. Rc3 Bb5 24. Qc2 Bc4 25. Rd1 Rfc8 26. Qd2 Rab8 27. Bb6 h6 28. Qd4 Qa4 29. Bc5 Qa2+ 30. Rd2 Qb1 31. Rd1 Qf5 32. Kg2 h5 33. h3 Rb5 34. Qe3 Rcxc5 35. bxc5 Rb2+ 36. Rd2 Rb1 37. Qf3 Bf1+ 38. Qxf1 Rxf1 39. Kxf1 Qxh3+ 40. Ke1 Qh1+ 41. Ke2 Qe4+ 42. Kd1 Qb1+ 43. Ke2 Qb5+ 44. Kd1 Qc6 45. Rd4 Kh7 46. Kd2 Kg6 47. Ke3 Kf5 48. Rb4 d4+ 49. Rxd4 Kg4 50. Rd6 Qf3+ 51. Kd4 Qf2+ 52. Kc4 Qa2+ 53. Kd3 Qb1+ 54. Kd4 Qb4+ 55. Kd3 Qb5+ 56. Kc2 Qa4+ 57. Kd2 Qa2+ 58. Kd3 Qb1+ 59. Kc4 Qb5+ 60. Kd4 Qb4+ 61. Kd3 Qb5+ 62. Kd4 Qa4+ 63. Kd3 Qd1+ 64. Kc4 Qe2+ 65. Kb3 Qb5+ 66. Kc2 Qe2+ 67. Rd2 Qe4+ 68. Kc1 Qb4 69. Rdc2 Qb7 70. c6 Qc7 71. Rd2 Qxa5 72. Rdc2 Qc7 73. Rd3 g5 74. Rd7 Qa5 75. c7 Qe1+ 76. Rd1 Qe3+ 77. Rdd2 Qe1+ 78. Kb2 Qxg3 79. c8=Q Qxf4 80. Rc4 Kf5 81. Rxf4+ Kxf4 82. Qf8 Ke3 83. Rc2 g4 84. Qc5+ Kf4 85. Rf2+ Kg5 86. Qe3+ Kh4 87. Qf4 Kh3 88. Rh2# 1-0


[Site "https://www.chess.com"]

[Event "Titled Tuesday Blitz November 08 Early 2022"]
[White "Danielyan, Vahe"]
[Black "Maghsoodloo, Parham"]
[WhiteFideId "13304828"]
[BlackFideId "12539929"]
[WhiteElo "2423"]
[BlackElo "2676"]
[Result "0-1"]
[Round "02"]
[TimeControl "180+1"]
[Date "2022.11.08"]
[WhiteClock "0:00:34"]
[BlackClock "0:01:40"]

1. e4 c5 2. Nc3 e6 3. Nf3 Nc6 4. Bb5 Nge7 5. O-O Nd4 6. Nxd4 cxd4 7. Ne2 a6 8. Bd3 Nc6 9. c3 Bc5 10. b4 Ba7 11. Bb2 O-O 12. cxd4 Nxb4 13. Bb1 Nc6 14. d5 exd5 15. exd5 Ne7 16. d6 Ng6 17. Ng3 b5 18. Qf3 Rb8 19. Nf5 Bb7 20. Qg3 f6 21. a4 bxa4 22. Rxa4 Bd5 23. Bc3 Be6 24. h4 Rb5 25. Rxa6 Qb8 26. Ne7+ Nxe7 27. dxe7 Qxg3 28. exf8=Q+ Kxf8 29. Rxa7 Qxh4 30. g3 Qh3 31. Be4 Bd5 32. Bb4+ Kf7 33. Re1 Bxe4 34. Rxe4 Rh5 0-1


[Site "https://www.chess.com"]

[Event "Titled Tuesday Blitz November 08 Early 2022"]
[White "Deac, Bogdan-Daniel"]
[Black "Jarocka, Liwia"]
[WhiteFideId "1226380"]
[BlackFideId "21807558"]
[WhiteElo "2648"]
[BlackElo "1989"]
[Result "1-0"]
[Round "02"]
[TimeControl "180+1"]
[Date "2022.11.09"]
[WhiteClock "0:01:09"]
[BlackClock "0:00:19"]

1. Nf3 c5 2. e3 Nc6 3. d4 cxd4 4. exd4 d5 5. c3 Nf6 6. Bd3 g6 7. Qc2 Bg7 8. h3 O-O 9. O-O Bd7 10. Re1 Rc8 11. Qb3 b6 12. Ba6 Rc7 13. Bf4 e5 14. Nxe5 Na5 15. Qd1 Bf5 16. Na3 Ne4 17. Bd3 f6 18. Ng4 Re7 19. Ne3 Be6 20. b4 Nc6 21. Bxe4 dxe4 22. d5 Rd7 23. Qa4 Bxd5 24. Nxd5 Rxd5 25. Qxc6 f5 26. Nb5 Kh8 27. Nd4 Rf6 28. Qc4 h6 29. Rad1 Kh7 30. Qb3 g5 31. Bh2 a6 32. a4 Qc8 33. Qxd5 1-0


[Site "https://www.chess.com"]

[Event "Titled Tuesday Blitz November 08 Early 2022"]
[White "Dehtiarov, Roman"]
[Black "Ter-Sahakyan, Samvel"]
[WhiteFideId "14186640"]
[BlackFideId "13302531"]
[WhiteElo "2200"]
[BlackElo "2584"]
[Result "0-1"]
[Round "02"]
[TimeControl "180+1"]
[Date "2022.11.08"]
[WhiteClock "0:00:03"]
[BlackClock "0:00:04"]

1. e4 c6 2. Nc3 d5 3. Nf3 Bg4 4. h3 Bxf3 5. Qxf3 e6 6. d3 Bb4 7. Bd2 Ne7 8. Be2 O-O 9. a3 Ba5 10. O-O Nd7 11. Qg3 f5 12. exd5 exd5 13. Nb1 Bc7 14. Bf4 Bxf4 15. Qxf4 Ng6 16. Qd2 f4 17. d4 Qg5 18. Bf3 Nh4 19. Qd3 h5 20. Nd2 Rf6 21. Kh1 Raf8 22. Rae1 Rg6 23. Rg1 Nf6 24. c4 Ng4 25. Re2 Kh8 26. cxd5 cxd5 27. Qb3 Nf6 28. Re5 Qh6 29. Bxd5 Ng4 30. Re2 Nf5 31. Bf3 Nxd4 32. Qd3 Nxe2 33. Qxe2 Re6 34. Qf1 Ne5 35. Qd1 Nd3 36. Qf1 Rd8 37. Ne4 Qg6 38. Nc3 Re1 39. Qxe1 Nxe1 40. Rxe1 Qc2 41. Ne4 Qxb2 42. Ng5 Qc3 43. Re2 Rd1+ 44. Kh2 Rd8 45. Nf7+ Kg8 46. Nxd8 Qxa3 47. Bd5+ Kf8 48. Ne6+ Ke7 49. Nxf4+ Kd6 50. Bf3 b5 51. g3 h4 52. Kg2 hxg3 53. fxg3 b4 54. Re6+ Kc7 55. Re7+ Kd6 56. Re6+ Kd7 57. Bg4 Kc7 58. Re7+ Kd6 59. Re6+ Kc5 60. Re5+ Kd4 61. Re2 b3 62. Bf5 Qc5 63. Be4 Kc3 64. Bf3 Qc4 65. Re3+ Kd2 66. Re2+ Kc3 67. Re3+ Kb2 68. Re2+ Ka3 69. Bd5 Qd4 70. Rf2 a5 71. Rf3 a4 72. Rf2 g5 0-1


[Site "https://www.chess.com"]

[Event "Titled Tuesday Blitz November 08 Early 2022"]
[White "Derjabin, Ilja"]
[Black "Mika, Tomasz"]
[WhiteFideId "14104768"]
[BlackFideId "1132970"]
[WhiteElo "2312"]
[BlackElo "2126"]
[Result "1-0"]
[Round "02"]
[TimeControl "180+1"]
[Date "2022.11.09"]
[WhiteClock "0:01:54"]
[BlackClock "0:01:49"]

1. d4 d5 2. c4 dxc4 3. Nf3 Nf6 4. e3 e6 5. Bxc4 a6 6. O-O c5 7. b3 b5 8. Be2 Bb7 9. a4 b4 10. Bb2 Nbd7 11. Nbd2 Be7 12. Rc1 O-O 13. Nc4 Rc8 14. a5 Nd5 15. Rc2 Bf6 16. g3 Qe7 17. e4 Nc7 18. e5 Bg5 19. Nd6 Rb8 20. Nxb7 Rxb7 21. dxc5 Nxc5 22. Nxg5 Nxb3 23. Ne4 Nd5 24. Nd6 Ra7 25. Bc4 Nxa5 26. Bxd5 exd5 27. Qxd5 1-0


[Site "https://www.chess.com"]

[Event "Titled Tuesday Blitz November 08 Early 2022"]
[White "Devaev, Alexander"]
[Black "Harsh Suresh"]
[WhiteFideId "4169395"]
[BlackFideId "45018464"]
[WhiteElo "2225"]
[BlackElo "2227"]
[Result "0-1"]
[Round "02"]
[TimeControl "180+1"]
[Date "2022.11.09"]
[WhiteClock "0:00:07"]
[BlackClock "0:00:08"]

1. Nf3 d5 2. c4 dxc4 3. e3 Nf6 4. Bxc4 e6 5. O-O Be7 6. Qc2 O-O 7. Be2 b6 8. d3 Bb7 9. Nbd2 Nbd7 10. b3 c5 11. Bb2 Nd5 12. Ne4 N7f6 13. Ng3 Qc7 14. a3 Rfd8 15. Rfe1 Ng4 16. Bf1 Bd6 17. Rac1 Rac8 18. d4 cxd4 19. Qxc7 Rxc7 20. Nxd4 a6 21. Rxc7 Bxc7 22. Rc1 Be5 23. Be2 Ngf6 24. Bf3 g6 25. Nge2 h5 26. h3 h4 27. Rc2 Rc8 28. Rxc8+ Bxc8 29. Nc1 Bd7 30. Nd3 Bc7 31. e4 Nf4 32. Nxf4 Bxf4 33. Ne2 Bg5 34. Bd4 b5 35. Bb2 Ne8 36. e5 Be7 37. Nd4 Nc7 38. Nc6 Bf8 39. Kf1 Nd5 40. Bxd5 exd5 41. Nd4 a5 42. Ke2 b4 43. axb4 Bxb4 44. Ke3 Kf8 45. f4 Ke7 46. Bc1 Bc5 47. Bd2 Bb6 48. Be1 a4 49. Bxh4+ Ke8 50. bxa4 Bxa4 51. Bf2 Bb5 52. Kf3 Bd3 53. Kg3 Be4 54. Nf3 Ba5 55. Ng5 Bf5 56. Bd4 Be1+ 57. Bf2 Bd2 58. Nf3 Bc1 59. Nd4 Be4 60. Nf3 Bd2 61. Ng5 Bf5 62. Kh2 Bxf4+ 63. Bg3 Bxg5 64. h4 Be3 65. Kh1 d4 0-1


[Site "https://www.chess.com"]

[Event "Titled Tuesday Blitz November 08 Early 2022"]
[White "Donchenko, Alexander"]
[Black "Papp, Levente"]
[WhiteFideId "24603295"]
[BlackFideId "751243"]
[WhiteElo "2572"]
[BlackElo "2380"]
[Result "1-0"]
[Round "02"]
[TimeControl "180+1"]
[Date "2022.11.08"]
[WhiteClock "0:01:16"]
[BlackClock "0:00:01"]

1. d4 Nf6 2. c4 e6 3. g3 b5 4. Bg2 c6 5. cxb5 Qa5+ 6. Nc3 Bb4 7. bxc6 Nxc6 8. Bd2 Rb8 9. a3 Nxd4 10. e3 Qf5 11. exd4 Bxc3 12. Bxc3 Ba6 13. Ne2 Qh5 14. h3 O-O 15. g4 Qg5 16. Qd2 Qb5 17. Ng3 Rfe8 18. Bf1 Qc6 19. Bxa6 Qxa6 20. Qe2 Qc6 21. O-O h5 22. gxh5 Rb5 23. h6 Rg5 24. Bd2 Rg6 25. hxg7 Ne4 26. Kh2 Ng5 27. Bxg5 Rxg5 28. Rac1 Qd6 29. Qe3 Rg6 30. Qe5 Qe7 31. Rg1 Qh4 32. Qe4 Qh6 33. d5 f5 34. Qe5 f4 35. Ne4 1-0


[Site "https://www.chess.com"]

[Event "Titled Tuesday Blitz November 08 Early 2022"]
[White "Dubov, Daniil"]
[Black "Tleptsok, Ruslan"]
[WhiteFideId "24126055"]
[BlackFideId "24104485"]
[WhiteElo "2791"]
[BlackElo "2130"]
[Result "0-1"]
[Round "02"]
[TimeControl "180+1"]
[Date "2022.11.08"]
[WhiteClock "0:00:15"]
[BlackClock "0:01:05"]

1. e4 d5 2. exd5 Nf6 3. Nf3 Bg4 4. h3 Bxf3 5. Qxf3 Qxd5 6. Qxd5 Nxd5 7. Nc3 Nxc3 8. dxc3 Nc6 9. Be3 O-O-O 10. g3 a6 11. Bg2 e6 12. Ke2 Bd6 13. a4 Ne7 14. Rhd1 Nf5 15. Bd2 h5 16. a5 f6 17. b4 g5 18. g4 Ne7 19. c4 Ng6 20. c5 Be5 21. c6 bxc6 22. Ra3 hxg4 23. hxg4 Rh2 24. Bxc6 Nf4+ 25. Bxf4 Bxf4 26. Rxd8+ Kxd8 27. b5 Kc8 28. b6 Bd6 29. Rf3 Bf4 30. Rd3 Bd6 31. c4 Rh8 32. Kf3 Rh3+ 33. Ke4 f5+ 34. gxf5 exf5+ 35. Kd4 Be5+ 36. Kxe5 Rxd3 37. Kxf5 cxb6 38. axb6 Rc3 39. Bd5 a5 40. Ke5 a4 41. Kd6 a3 42. c5 Rd3 43. c6 Rxd5+ 44. Kxd5 a2 45. Kd6 a1=Q 46. b7+ Kb8 47. Kd7 Qd4+ 0-1


[Site "https://www.chess.com"]

[Event "Titled Tuesday Blitz November 08 Early 2022"]
[White "Durarbayli, Vasif"]
[Black "Garcia Ramos, Daniel"]
[WhiteFideId "13402935"]
[BlackFideId "32010311"]
[WhiteElo "2586"]
[BlackElo "2357"]
[Result "1-0"]
[Round "02"]
[TimeControl "180+1"]
[Date "2022.11.09"]
[WhiteClock "0:00:16"]
[BlackClock "0:00:03"]

1. e4 c6 2. d4 d5 3. e5 c5 4. dxc5 e6 5. Nf3 Bxc5 6. a3 Nc6 7. Bd3 Qc7 8. b4 Bd4 9. Nxd4 Qxe5+ 10. Ne2 Qxa1 11. c3 Qa2 12. Nd2 d4 13. c4 Bd7 14. O-O Ne5 15. Bb1 Qa1 16. Qb3 d3 17. Nc3 Nf6 18. Bb2 Qxb2 19. Qxb2 O-O 20. Re1 Nc6 21. Bxd3 Rfd8 22. Bf1 Be8 23. Nde4 Nxe4 24. Nxe4 Rac8 25. c5 Nd4 26. Nd6 Nf5 27. Nxc8 Rxc8 28. Rd1 Bc6 29. Qe5 1-0


[Site "https://www.chess.com"]

[Event "Titled Tuesday Blitz November 08 Early 2022"]
[White "Estrada Nieto, Julian"]
[Black "Topalov, Aleksandar"]
[WhiteFideId "5101018"]
[BlackFideId "925659"]
[WhiteElo "2221"]
[BlackElo "2179"]
[Result "1-0"]
[Round "02"]
[TimeControl "180+1"]
[Date "2022.11.09"]
[WhiteClock "0:00:12"]
[BlackClock "0:00:07"]

1. e4 e6 2. d4 d5 3. Nd2 Nf6 4. e5 Ng8 5. Bd3 Ne7 6. Ne2 b6 7. O-O Qd7 8. f4 h5 9. Nf3 g6 10. h3 Ba6 11. Bxa6 Nxa6 12. c3 h4 13. Be3 Nf5 14. Bf2 c5 15. Qe1 Be7 16. Rc1 c4 17. Ng5 b5 18. a3 Kf8 19. Kh1 Kg7 20. Ng1 Rh5 21. N1f3 Rah8 22. Qd2 Nb8 23. Ra1 Nc6 24. Nh2 Qd8 25. Nhf3 a5 26. a4 b4 27. cxb4 Nxb4 28. Be1 Qb6 29. Qc3 Nc6 30. Bf2 Rb8 31. Rfb1 Qb3 32. Qd2 Nb4 33. Ra3 Qc2 34. Be1 Rhh8 35. Qc3 Qxc3 36. bxc3 Nc2 37. Rxb8 Rxb8 38. Ra2 Nce3 39. Nxh4 Rb1 40. Nxf5+ gxf5 41. Nf3 Bh4 42. Nxh4 Rxe1+ 43. Kh2 Nf1+ 44. Kg1 1-0


[Site "https://www.chess.com"]

[Event "Titled Tuesday Blitz November 08 Early 2022"]
[White "Fernandez De La Vara, Arnaldo"]
[Black "Prydun, Andriy"]
[WhiteFideId "3518388"]
[BlackFideId "14145898"]
[WhiteElo "2387"]
[BlackElo "2163"]
[Result "1-0"]
[Round "02"]
[TimeControl "180+1"]
[Date "2022.11.09"]
[WhiteClock "0:00:07"]
[BlackClock "0:00:02"]

1. Nf3 Nf6 2. b3 g6 3. Bb2 Bg7 4. g3 b6 5. Bg2 Bb7 6. O-O O-O 7. c4 e6 8. Nc3 d5 9. cxd5 Nxd5 10. d4 c5 11. Rc1 cxd4 12. Nxd4 Nxc3 13. Bxc3 Bxg2 14. Kxg2 Qd5+ 15. Nf3 Qb7 16. Bxg7 Kxg7 17. Qd6 Qd7 18. Rfd1 Qxd6 19. Rxd6 Na6 20. Rd7 Nc5 21. Rc7 a5 22. Ne5 Rac8 23. Rxc8 Rxc8 24. Nd7 Rc6 25. Nxb6 Rxb6 26. Rxc5 a4 27. Rc3 axb3 28. Rxb3 Ra6 29. a3 e5 30. Kf3 f5 31. Ke3 Kf6 32. Kd3 Ra4 33. Kc3 f4 34. Kb2 Re4 35. e3 h5 36. gxf4 exf4 37. Rb4 Re6 38. Rxf4+ Ke5 39. a4 g5 40. Rd4 g4 41. Kb3 Rf6 42. Rd2 Ke4 43. Rd4+ Ke5 44. Rf4 Rb6+ 45. Ka2 Rb7 46. a5 Rb5 47. Ra4 Rb7 48. a6 Ra7 49. Kb3 h4 50. Kc4 g3 51. fxg3 h3 52. Kb5 1-0


[Site "https://www.chess.com"]

[Event "Titled Tuesday Blitz November 08 Early 2022"]
[White "Fernandez Guillen, Ernesto J."]
[Black "Mortazavi, Ali"]
[WhiteFideId "3512428"]
[BlackFideId "401323"]
[WhiteElo "2450"]
[BlackElo "2339"]
[Result "1-0"]
[Round "02"]
[TimeControl "180+1"]
[Date "2022.11.09"]
[WhiteClock "0:00:28"]
[BlackClock "0:00:01"]

1. e4 c6 2. d4 d5 3. e5 Bf5 4. c3 e6 5. Bd3 Bxd3 6. Qxd3 c5 7. Ne2 Nc6 8. O-O Qb6 9. Nd2 Nge7 10. Nf3 cxd4 11. cxd4 Nf5 12. g4 Nfe7 13. a3 h5 14. h3 hxg4 15. hxg4 Ng6 16. Kg2 Be7 17. Be3 Nh4+ 18. Nxh4 Rxh4 19. Rh1 Rxg4+ 20. Kf3 Re4 21. Rh8+ Bf8 22. Ng3 Nxd4+ 23. Kg2 Qb3 24. Rd1 Rxe3 25. Qxd4 Rxg3+ 26. fxg3 O-O-O 27. Rc1+ Kb8 28. Qc3 Qb6 29. Rc2 d4 30. Qd3 a6 31. Qf3 Ka7 32. Qxf7 d3 33. Rd2 Qe3 34. Qf4 Qe1 35. Rh1 g5 36. Rxe1 gxf4 37. gxf4 Bh6 38. Kf3 Rd4 39. Re4 Rd8 40. Ke3 Rg8 41. Rxd3 Rg2 42. b4 Rg3+ 43. Kd4 Rg2 44. Kc5 Rf2 45. Kd6 Bxf4 46. Kxe6 Bh2 47. Rd7 Kb6 48. a4 a5 49. bxa5+ Ka6 50. Rb4 Re2 51. Rb5 1-0


[Site "https://www.chess.com"]